 Dungeon Crawl Stone Soup version 0.31.0-32-g396128a36d (webtiles) character file.

Game seed: 5102040249000414521

61 Gabide the Conjurer (level 3, -10/26 HPs)
             Began as a Demigod Conjurer on Apr 15, 2024.
             Mangled by Crazy Yiuf
             ... wielding a +2 quarterstaff of chaos
              (16 damage)
             ... on level 2 of the Dungeon.
             The game lasted 00:02:49 (2111 turns).

Gabide the Conjurer (Demigod Conjurer)              Turns: 2111, Time: 00:02:50

Health: -10/26     AC:  2    Str:  8    XL:     3   Next: 58%
Magic:  7/9        EV: 16    Int: 24    God:
Gold:   21         SH:  3    Dex: 12    Spells: 4/7 levels left

rFire   . . .        a - +0 short sword (venom)
rCold   . . .        m - +0 buckler
rNeg    . . .        e - +0 robe
rPois   .            (no helmet)
rElec   .            (no cloak)
rCorr   .            (no gloves)
SInv    .            (no boots)
Will    .....        (no amulet)
Stlth   ++           d - ring of flight
HPRegen 0.24/turn    i - +5 ring of evasion
MPRegen 0.11/turn

%: no passive effects
@: flying, very slightly contaminated
A: high MP 1, forlorn, divine attributes
a: no special abilities


You were on level 2 of the Dungeon.
You visited 1 branch of the dungeon, and saw 2 of its levels.

You collected 21 gold pieces.

Inventory:

Hand Weapons
 a - a +0 short sword of venom (weapon)
 b - a +0 sling
Armour
 e - a +0 robe (worn)
 m - a +0 buckler (worn)
Jewellery
 d - a ring of flight (left hand)
 i - a +5 ring of evasion (right hand)
Scrolls
 g - a scroll of teleportation
 n - a scroll of identify {unknown}
Potions
 c - a potion of heal wounds {unknown}
 f - a potion of experience {unknown}
 h - a potion of magic
 j - a potion of attraction {unknown}
 k - a potion of degeneration {unknown}
 l - a potion of curing {unknown}


   Skills:
 - Level 0.1 Fighting
 - Level 1.8 Dodging
 - Level 1.8 Stealth
 * Level 2.7 Spellcasting
 * Level 4.3 Conjurations


You had 4 spell levels left.
You knew the following spells:

 Your Spells              Type           Power      Damage    Failure   Level
a - Magic Dart            Conj           96%        1d7       3%          1
b - Searing Ray           Conj           48%        2d6       4%          2

Your spell library contained the following spells:

 Spells                   Type           Power      Damage    Failure   Level
 Fulminant Prism          Conj/Alch      6%         3d6       58%         4
 Iskenderun's Mystic Bla  Conj/Tloc      13%        2d5       58%         4


Dungeon Overview and Level Annotations

Branches:
Dungeon (2/15)

Annotations:
D:2 Crazy Yiuf


Innate Abilities, Weirdness & Mutations

You have an increased reservoir of magic. (+10% MP)
You shall have no god before yourself.
Your divine heritage dramatically boosts your attributes as you level up.


Message History

There is an open door here.
Found 2 stones.
You see here 2 stones.
Found a stone staircase leading down.
Found a stone staircase leading down.
You now have 21 gold pieces (gained 2).
Found a hammer.
You see here a +0 hammer.
Found three hammers.
Found a runed translucent door.
Found a hammer.
Crazy Yiuf shouts!
Found three hammers.
You see here a +0 hammer.
You reach down and open the door.
Crazy Yiuf cries, "Citrus!"
Press: ? - help, v - describe, . - travel
Here: Crazy Yiuf, wielding a +2 quarterstaff of chaos and wearing a +1 cloak An open translucent door.
Okay, then.
Casting: Magic Dart (safe; 3% risk of failure)
Confirm with . or Enter, or press ? or * to list all spells.
You don't know that spell.
Unknown command.
Casting: Magic Dart (safe; 3% risk of failure)
Confirm with . or Enter, or press ? or * to list all spells.
Aiming: Searing Ray (safe; 4% risk of failure)
Press: ? - help, Shift-Dir - straight line, f - Crazy Yiuf
Aim: Crazy Yiuf, wielding a +2 quarterstaff of chaos and wearing a +1 cloak (82% to hit)
You miscast Searing Ray.
You are very lightly contaminated with residual magic.
Nothing appears to happen.
Crazy Yiuf laughs, "Hack!"
Crazy Yiuf hits you with a +2 quarterstaff of chaos!
Crazy Yiuf burns you. Crazy Yiuf attacks as he pursues you!
Crazy Yiuf hits you with a +2 quarterstaff of chaos.
* * * LOW HITPOINT WARNING * * *
You are electrocuted!
Ouch! That really hurt!
You die...

#......#
#.........
##..####
+.........
#....#
#.........
♣....♣
#####.......#
♣♣...♣
#.##.......##
♣♣)♣♣
#.##.##...##
♣♣.♣
#.##.###..#
♣.♣♣
#.##.###(.#
♣♣@♣
#.........#
♣g♣♣
#.##.##...#
#'#
#.##.#....###
..)
#.##.#.......
#)))#
####......##.
#).)#
#####.###.
##### #.# #.
#.# #. #.# #.


You could see Crazy Yiuf.

Vanquished Creatures
  Terence (D:2)
  4 endoplasms
  A giant cockroach (D:2)
  2 goblins (D:1)
  2 hobgoblins (D:1)
  7 jackals (D:2)
  7 kobolds
  2 ball pythons (D:2)
  3 bats (D:1)
  2 rats
31 creatures vanquished.

Notes
Turn   | Place    | Note
-------+----------+-------------------------------------------
     0 | D:1      | Gabide the Demigod Conjurer began the quest for the Orb.
     0 | D:1      | Reached XP level 1. HP: 14/14 MP: 5/5
   474 | D:1      | Reached XP level 2. HP: 20/20 MP: 2/7
  1358 | D:1      | Learned a level 2 spell: Searing Ray
  1415 | D:2      | Noticed Terence
  1430 | D:2      | Killed Terence
  1431 | D:2      | Reached skill level 4 in Conjurations
  1431 | D:2      | Reached XP level 3. HP: 20/26 MP: 0/9
  2105 | D:2      | Found a runed translucent door.
  2106 | D:2      | Noticed Crazy Yiuf
  2111 | D:2      | Mangled by Crazy Yiuf

Illustrated notes

Levels and vault maps discovered:
D:1:      wheals_arrival_shading, layout_basic, chequers_mini_garden,
          hangedman_abyss_or_decor_lesser_grid
D:2:      layout_loops_corners, uniq_crazy_yiuf_cottage, uniq_terence

Skill      XL: |  1  2 |
---------------+-------+-----
Spellcasting   | 2 |  2.7
Conjurations   | 4 |  4.3
Fighting       | |  0.1
Dodging        | |  1.8
Stealth        | |  1.8

Action                     || total
---------------------------++-------
  Melee: Short sword       ||     6
   Cast: Magic Dart        ||    61
         Searing Ray       ||     2
    Use: Scroll            ||     3
 Armour: Robe              ||     6
  Dodge: Dodged            ||     7
  Block: Buckler           ||     6
